 Dungeon Crawl Stone Soup version 0.20-a0-555-gf6ae02d (webtiles) character file.

1479 HereIgoKillingAgain the Insei (level 8, -3/57 HPs)
             Began as an Octopode Transmuter on Feb 4, 2017.
             Was an Initiate of Ashenzari.
             Slain by Grinder (10 damage)
             ... on level 6 of the Dungeon.
             The game lasted 00:06:16 (5781 turns).

HereIgoKillingAgain the Insei (Octopode Transmuter) Turns: 5781, Time: 00:06:16

Health: -3/57      AC:  1    Str: 12    XL:     8   Next: 79%
Magic:  0/21       EV: 15    Int: 15    God:    Ashenzari [......]
Gold:   427        SH:  0    Dex: 12    Spells: 7/15 levels left

rFire    . . .     SeeInvis .     - Unarmed
rCold    . . .     Gourm    .   (no shield)
rNeg     . . .     Faith    .   (helmet restricted)
rPois    .         Spirit   +   s - amulet of guardian spirit
rElec    .         Reflect  .   x - ring of magical power
rCorr    .         Harm     .   (no ring)
MR       .....                  (no ring)
Stlth    +++.......             (no ring)
Regen    0.2/turn               (no ring)
                                (no ring)
                                (no ring)
                                (no ring)

@: appendage
A: almost no armour, stealthy swim, amphibious, 8 rings, constrict 8, tentacle
spike 3, camouflage 2, low mp 1, mutation resistance 1, gelatinous body 1
a: End Transformation, Curse Item, Renounce Religion


You were on level 6 of the Dungeon.
You worshipped Ashenzari.
Ashenzari was noncommittal.
You were near starving.
One of your tentacles had a temporary spike.
You visited 2 branches of the dungeon, and saw 7 of its levels.
You also visited: Sewer.

You collected 427 gold pieces.

Inventory:

Missiles
 a - 74 arrows
Jewellery
 s - an amulet of guardian spirit (around mantle)
 x - a ring of magical power (left tentacle)
Wands
 t - a wand of random effects (33/48)
 y - a wand of random effects (27/48)
 B - a wand of polymorph (17/24)
Scrolls
 f - a scroll of noise {unknown}
 g - 2 scrolls of remove curse
 i - a scroll of identify
 j - 3 scrolls of immolation
 k - 6 scrolls of teleportation
 l - 2 scrolls of fear {unknown}
 m - 2 scrolls of blinking
 p - 2 scrolls of amnesia {unknown}
 q - 2 scrolls of magic mapping {unknown}
 r - 3 scrolls of recharging {unknown}
Potions
 c - 2 potions of brilliance
 d - 2 potions of heal wounds {unknown}
 e - 2 potions of magic {unknown}
 h - 2 potions of flight
 o - a potion of might
 v - a potion of curing
 w - a potion of haste {unknown}
 A - a potion of cancellation {unknown}
Books
 b - a book of Changes

   Spells                             Type                      Level
   a - Beastly Appendage              Transmutation                1
   b - Sticks to Snakes               Transmutation                2
   c - Spider Form                    Transmutation/Poison         3
   d - Ice Form                       Ice/Transmutation            4
   e - Blade Hands                    Transmutation                5
Comestibles
 n - 5 fruits
 u - 2 bread rations
 z - a royal jelly


   Skills:
 * Level 5.6 Fighting
 + Level 4.6 Dodging
 * Level 6.2 Unarmed Combat
 + Level 4.0 Spellcasting
 + Level 4.3 Transmutations


You had 7 spell levels left.
You knew the following spells:

 Your Spells              Type           Power        Failure   Level  Hunger
a - Beastly Appendage     Tmut           ###...       3%          1    None
b - Sticks to Snakes      Tmut           ###.....     6%          2    ##.....
c - Blade Hands           Tmut           ###.......   87%         5    ######.


Dungeon Overview and Level Annotations

Branches:
Dungeon (6/15)             Temple (1/1) D:5

Altars:
Ashenzari
Cheibriados
Dithmenos
Gozag
Kikubaaqudgha
Nemelex Xobeh
Okawaru
Ru
Sif Muna
Uskayaw
Vehumet
Xom
Yredelemnul
The Shining One

Shops:
D:5 [

Annotations:
D:6 Grinder


Innate Abilities, Weirdness & Mutations

You cannot wear most types of armour.
You are very stealthy in the water. (Stealth+)
You are amphibious.
You can wear up to eight rings at the same time.
You can use your tentacles to constrict eight enemies at once.
Your skin blends seamlessly with your surroundings (Stealth++).
Your rubbery body absorbs attacks. (AC +1, EV +1)
One of your tentacles bears a large vicious spike.
Your magical capacity is low. (-10% MP)
You are somewhat resistant to further mutation.


Message History

Unknown command.
Unknown command.
You feel better. Grinder misses you.
You closely miss Grinder. You grab Grinder.
You pierce Grinder, but do no damage.
You squeeze Grinder.
Grinder is heavily wounded.
You constrict Grinder. Grinder hits you!
* * * LOW HITPOINT WARNING * * *
You writhe in agony.
* * * LOW HITPOINT WARNING * * *
You tentacle-slap Grinder but do no damage.
You squeeze Grinder!
Grinder is severely wounded.
You constrict Grinder, but do no damage.
Grinder completely misses you.
Unknown command.
You tentacle-slap Grinder. Your squeeze misses Grinder.
Grinder is almost dead.
You constrict Grinder. Grinder hits you!
You die...

....## ... .....#
#..............
.....##..............#
.....#...............#
.......# #...........#
......## #..........#
......# #..........#
......# #......5...#
..#############.@..#
..#.#.#...#.#.#....#
....#...#...#......#
..#...#.#.#...#.####
..#...#.#.#...#.#
....#...#...#)..#
..#.#.#...#.#.###
..##################
### ####........##


You could see Grinder.

Vanquished Creatures
  Sigmund (D:3)
  Eustachio (D:6)
  Menkaure (D:4)
  2 ogres (D:5)
  A centaur (D:4)
  3 big kobolds (Sewer)
  Blork the orc (D:6)
  A crimson imp (D:5)
  2 orc priests (D:3)
  A hound (D:5)
  2 orc wizards (D:5)
  Jessica (D:2)
  A bullfrog skeleton (D:5)
  3 worker ants
  2 adders (D:3)
  A river rat (Sewer)
  2 oozes (Sewer)
  6 worms
  5 dart slugs
  3 leopard geckos
  28 orcs
  2 giant cockroaches
  13 goblins
  11 hobgoblins
  12 jackals
  2 quokkas
  4 ball pythons
  8 bats
  7 frilled lizards
  A jackal skeleton (D:5)
  13 kobolds
  12 rats
153 creatures vanquished.

Vanquished Creatures (collateral kills)
  An ice beast (D:5)
1 creature vanquished.

Grand Total: 154 creatures vanquished

Notes
Turn   | Place    | Note
-------+----------+-------------------------------------------
     0 | D:1      | HereIgoKillingAgain the Octopode Transmuter began the quest for the Orb.
     0 | D:1      | Reached XP level 1. HP: 13/13 MP: 3/3
    91 | D:1      | Reached XP level 2. HP: 18/18 MP: 5/5
   600 | D:1      | Reached XP level 3. HP: 15/23 MP: 4/6
  1056 | D:2      | Noticed Jessica
  1068 | D:2      | Killed Jessica
  1068 | D:2      | Reached XP level 4. HP: 29/29 MP: 5/7
  1376 | D:2      | Found a shimmering altar of Xom.
  1807 | D:3      | Noticed Sigmund
  1811 | D:3      | Gained mutation: Your magical capacity is low. (-10% MP) [potion of mutation]
  1811 | D:3      | Gained mutation: Your skin blends seamlessly with your surroundings (Stealth++). [potion of mutation]
  1811 | D:3      | Gained mutation: You are somewhat resistant to further mutation. [potion of mutation]
  1817 | D:3      | Killed Sigmund
  1817 | D:3      | Reached skill level 4 in Unarmed Combat
  1817 | D:3      | Reached XP level 5. HP: 24/36 MP: 6/8
  1817 | D:3      | Reached XP level 6. HP: 28/42 MP: 6/9
  1872 | D:3      | Found a glowing drain.
  1876 | Sewer    | Entered a sewer
  1987 | Sewer    | Learned a level 2 spell: Sticks to Snakes
  2681 | Sewer    | Reached XP level 7. HP: 41/47 MP: 10/10
  3098 | D:3      | HP: 2/48 [orc/dagger (3)]
  3645 | D:4      | Noticed Menkaure
  3652 | D:4      | Killed Menkaure
  3652 | D:4      | Reached skill level 5 in Unarmed Combat
  3941 | D:4      | Found a sacrificial altar of Ru.
  4077 | D:4      | Learned a level 5 spell: Blade Hands
  4351 | D:4      | Reached XP level 8. HP: 51/54 MP: 11/11
  4550 | D:5      | Entered Level 5 of the Dungeon
  4961 | D:5      | Reached skill level 5 in Fighting
  5116 | D:5      | Found a staircase to the Ecumenical Temple.
  5137 | D:5      | Found Peaf Eppuaqo's Antique Armour Boutique.
  5151 | Temple   | Entered the Ecumenical Temple
  5226 | Temple   | Became a worshipper of Ashenzari the Shackled
  5603 | D:6      | Noticed Eustachio
  5611 | D:6      | Killed Eustachio
  5611 | D:6      | Reached skill level 6 in Unarmed Combat
  5612 | D:6      | Found a radiant altar of Vehumet.
  5668 | D:6      | Noticed Blork the orc
  5679 | D:6      | Killed Blork the orc
  5758 | D:6      | Noticed Grinder
  5771 | D:6      | Paralysed by Grinder for 6 turns
  5781 | D:6      | Slain by Grinder

Vault maps used:
D:1:      onia_arrival_larder, minmay_pentomino_u2
D:2:      xom_teletrap_fun, minmay_goblin_outpost, uniq_jessica
D:3:      gup_sewer_entry_bowl, hangedman_decor_push, st_stairs_5,
          roderic_serpentine_path, kennysheep_generic_room_12, uniq_sigmund
D:4:      nicolae_overflow_hidden_temple, nicolae_ru_sacrificial_ziggurat,
          first_bread, uniq_menkaure
D:5:      minmay_temple_entry_large_hall, kennysheep_windowed_goal
D:6:      nicolae_overflow_crystal_walls, old_standard_altar, basic_altar,
          serial_shops, shop, minmay_misc_feat_pillars, minivault_19,
          minmay_misc_feat_alley, minmay_misc_feat_encased,
          minmay_misc_feat_ornament, uniq_grinder, uniq_eustachio,
          uniq_blork_the_orc, uniq_prince_ribbit1
Temple:   nicolae_temple_hex_pool
Sewer:    sewer_co_15_rooms

Skill      XL: |  1  2  3  4  5  6  7  8 |
---------------+-------------------------+-----
Fighting       | 2 3 4 5 |  5.6
Dodging        | 3 4 |  4.6
Unarmed Combat | 4 5 6 |  6.2
Transmutations | 3 4 |  4.3
Spellcasting   | 3 4 |  4.0

Action                   |  1- 3 |  4- 6 |  7- 9 || total
-------------------------+-------+-------+-------++-------
Melee: Unarmed           |    73 |   123 |   210 ||   406
       Constrict         |    26 |    32 |    52 ||   110
       Tentacles         |    14 |    24 |    40 ||    78
       Kick              |     8 |    24 |    35 ||    67
       Punch             |       |     3 |     4 ||     7
 Cast: Beastly Appendage |     9 |    14 |    13 ||    36
       Sticks to Snakes  |       |     4 |    10 ||    14
Evoke: Wand              |       |       |     1 ||     1
  Use: Potion            |       |     7 |     5 ||    12
       Scroll            |       |     3 |     1 ||     4
 Stab: Sleeping          |     7 |     6 |    13 ||    26
       Distracted        |     1 |       |       ||     1
  Eat: Chunk             |       |     2 |       ||     2
       Bread ration      |       |     1 |       ||     1
       Fruit             |       |       |     2 ||     2
       Meat ration       |       |       |     1 ||     1
       Royal jelly       |       |       |     1 ||     1
Armor: Skin              |    10 |     2 |    10 ||    22
Dodge: Dodged            |    42 |    77 |   116 ||   235
